 Dungeon Crawl Stone Soup version 0.30-a0-25-gacc37e2db0 (webtiles) character file.

Game seed: 2119415861265789028

224 Alfie the Trooper (level 6, -5/53 HPs)
             Began as a Hill Orc Fighter on Aug 25, 2022.
             Constricted to death by Natasha (6 damage)
             ... on level 4 of the Dungeon.
             The game lasted 00:10:11 (3634 turns).

Alfie the Trooper (Hill Orc Fighter)                Turns: 3634, Time: 00:10:12

Health: -5/53      AC:  8    Str: 21    XL:     6   Next: 0%
Magic:  6/6        EV:  6    Int:  8    God:
Gold:   178        SH:  4    Dex: 10    Spells: 5/5 levels left

rFire   . . .      SeeInvis .    a - +0 rapier
rCold   . . .      Faith    .    c - +0 buckler
rNeg    . . .      Spirit   .    b - +0 scale mail
rPois   .          Reflect  .    (no helmet)
rElec   .          Harm     .    (no cloak)
rCorr   .          Rampage  .    (no gloves)
Will    .....                    f - +0 pair of boots
Stlth   ..........               (no amulet)
HPRegen 0.17/turn                (no ring)
MPRegen 0.10/turn                (no ring)

@: grasped by roots, slowed, constricted, very slow
A: no striking features
a: no special abilities


You were on level 4 of the Dungeon.
You visited 1 branch of the dungeon, and saw 4 of its levels.

You collected 178 gold pieces.

Inventory:

Hand Weapons
 a - a +0 rapier (weapon)
Armour
 b - a +0 scale mail (worn)
 c - a +0 buckler (worn)
 f - a +0 pair of boots (worn)
 q - a +0 pair of gloves
Scrolls
 e - 2 scrolls of identify
 k - a scroll of teleportation {unknown}
 o - 3 scrolls of magic mapping
Potions
 d - a potion of might
 g - a potion of flight {unknown}
 h - a potion of magic {unknown}
 j - 2 potions of degeneration {unknown}
 m - a potion of attraction {unknown}
 n - a potion of heal wounds {unknown}
 p - a potion of ambrosia {unknown}


   Skills:
 + Level 4.5 Fighting
 + Level 4.3 Short Blades
 + Level 4.1 Armour
 + Level 0.7 Dodging
 + Level 0.2 Stealth
 + Level 3.9 Shields


You had 5 spell levels left.
You didn't know any spells.
Your spell library was empty.

Dungeon Overview and Level Annotations

Branches:
Dungeon (4/15)             Temple (0/1) D:4

Altars:
Qazlal
Zin

Annotations:
D:4 Natasha


Message History

Natasha is unaffected.
The grasping roots constrict you.
* * * LOW HITPOINT WARNING * * *
You barely miss Natasha.
Natasha is lightly wounded.
Natasha stares at you and mumbles some strange words.
The magic dart hits you.
* * * LOW HITPOINT WARNING * * *
The grasping roots constrict you.
* * * LOW HITPOINT WARNING * * *
The grasping roots release their grip on you.
You hit Natasha.
Natasha is moderately wounded.
Natasha claws you but does no damage.
You feel better.
Natasha zaps a wand.
The roots erupt in riotous growth!
The grasping roots grab you!
Natasha is unaffected.
The grasping roots constrict you.
You puncture Natasha!
Natasha is severely wounded.
Natasha claws you but does no damage. The grasping roots constrict you.
* * * LOW HITPOINT WARNING * * *
You hit Natasha.
Natasha is almost dead.
Natasha claws you.
* * * LOW HITPOINT WARNING * * *
The grasping roots constrict you.
The grasping roots release their grip on you.
You closely miss Natasha.
Natasha is almost dead.
Natasha stares at you and mumbles some strange words.
You feel yourself slow down.
You hit Natasha but do no damage.
Natasha is almost dead.
Natasha mumbles some strange words.
You feel troubled.
Natasha zaps a wand.
The roots erupt in riotous growth!
The grasping roots grab you!
Natasha is unaffected.
The grasping roots constrict you.
* * * LOW HITPOINT WARNING * * *
Natasha barely misses you. The grasping roots constrict you.
You die...

#.######..####.# ##### #.#
####..####.## ....# #.#
#.....[.....# ###.# #.#
#.##..###...## #.#
#.###.##..##.....##### #.#
#.........###......... #.##
#####.##....†..####### #..#
###h########.# ##.# ##..@.# #.#
#.# ##..#..# ##+## #.# ##.#.#..#
##...## ####.######.###...#
##.....## #.............##..#
##.......##
....#########.....###.........###
....#.......#.......'†.......<+..
.[..#.......#.....###.........###
....#.......#.#.### ##.......##


You could see Natasha.

Vanquished Creatures
  A bullfrog zombie (D:4)
  A hound (D:4)
  Natasha (twice) (D:4)
  A hound zombie (D:4)
  3 adders
  2 adder skeletons (D:4)
  3 worms (D:4)
  3 dart slugs (D:4)
  An orc (D:4)
  6 bats
  3 endoplasms
  A giant cockroach (D:2)
  7 goblins
  3 hobgoblins
  3 jackals (D:1)
  4 quokkas
  5 ball pythons
  A frilled lizard (D:1)
  2 kobolds
  A quokka zombie (D:4)
  2 rats
  A toadstool (D:1)
56 creatures vanquished.

Vanquished Creatures (others)
  3 toadstools (D:1)
  20 withered plants (D:4)
23 creatures vanquished.

Grand Total: 79 creatures vanquished

Notes
Turn   | Place    | Note
-------+----------+-------------------------------------------
     0 | D:1      | Alfie the Hill Orc Fighter began the quest for the Orb.
     0 | D:1      | Reached XP level 1. HP: 19/19 MP: 1/1
   116 | D:1      | Found a faded altar of an unknown god.
   165 | D:1      | Reached XP level 2. HP: 23/27 MP: 2/2
   992 | D:2      | Reached XP level 3. HP: 30/33 MP: 3/3
  1283 | D:2      | Found a glowing silver altar of Zin.
  2005 | D:4      | Reached XP level 4. HP: 38/40 MP: 4/4
  2023 | D:4      | Found a staircase to the Ecumenical Temple.
  2144 | D:4      | Noticed Natasha
  2179 | D:4      | Killed Natasha
  2192 | D:4      | Reached XP level 5. HP: 5/47 MP: 5/5
  2590 | D:4      | Found a stormy altar of Qazlal.
  2686 | D:4      | Noticed Natasha
  2705 | D:4      | Killed Natasha
  3372 | D:4      | Reached XP level 6. HP: 44/53 MP: 6/6
  3516 | D:4      | Noticed Natasha
  3628 | D:4      | HP: 2/53 [constriction (2)]
  3634 | D:4      | HP: 1/53 [constriction (2)]
  3634 | D:4      | Constricted to death by Natasha

Illustrated notes

Levels and vault maps discovered:
D:1:      ldierk_water_garden, layout_basic, hellmonk_ecumenical_altar_zigzags,
          minmay_misc_feat_square, hangedman_decor_push
D:2:      wad_pebble_path, layout_basic, basic_altar
D:3:      layout_basic, nicolae_ru_great_annihilating_truth,
          okawaru_metal_pillars_1_2, serial_shops, nicolae_shop_behind_doors,
          gammafunk_ghost_mausoleum, eino_curves_02, minmay_quantized
D:4:      layout_loops_corners, lemuel_tele_altar, minmay_temple_entry_slanted,
          dilly_guarded_unrand_morg

Skill      XL: |  1  2  3  4  5 |
---------------+----------------+-----
Fighting       | 4 |  4.5
Short Blades   | 3 4 |  4.3
Armour         | 4 |  4.1
Dodging        | |  0.7
Stealth        | |  0.2
Shields        | |  3.9

Action                   |  1- 3 |  4- 6 || total
-------------------------+-------+-------++-------
Melee: Rapier            |   163 |   139 ||   302
  Use: Potion            |     1 |     4 ||     5
       Scroll            |     2 |     3 ||     5
Armor: Scale mail        |   100 |    43 ||   143
Dodge: Dodged            |    92 |    38 ||   130
Block: Buckler           |    48 |    21 ||    69

Table legend: (Time is in decaauts)
 A = Elapsed time spent in this place.
 B = Non-inter-level travel time spent in this place.
 C = Inter-level travel time spent in this place.
 D = Time resting spent in this place.
 E = Time spent auto-exploring this place.
 F = Levels seen in this place.
 G = Mean time per level.
                   A        B        C        D        E       F      G
               +--------+--------+--------+--------+--------+-----+--------+
         Total |   3658 |   3591 |     67 |      0 |   2675 |   4 |  914.5 |
       Dungeon |   3658 |   3591 |     67 |      0 |   2675 |   4 |  914.5 |
               +--------+--------+--------+--------+--------+-----+--------+

Top non-repeatable levels by time:
     D:4: 1791 daAuts
     D:1: 919 daAuts
     D:2: 697 daAuts
     D:3: 249 daAuts
